 Dungeon Crawl Stone Soup version 0.30-a0-722-g3e6e8c874d (webtiles) character file.

Game seed: 8015942071815961415

34108 browni3141 the Grappler (level 13, -1/128 HPs)
             Began as a Troll Berserker on Jan 27, 2023.
             Was a High Priest of Trog.
             Slain by a boulder beetle (18 damage)
             ... on level 2 of the Lair of Beasts.
             The game lasted 00:20:25 (15003 turns).

browni3141 the Grappler (Troll Berserker)          Turns: 15003, Time: 00:20:26

Health: -1/128     AC: 10    Str: 32    XL:     13   Next: 40%
Magic:  12/12      EV: 11    Int:  3    God:    Trog [*****.]
Gold:   710        SH:  0    Dex:  9    Spells: 12/12 levels left

rFire   . . .      SeeInvis .      - Unarmed
rCold   . . .      Faith    .    (no shield)
rNeg    . . .      Spirit   .    X - +0 troll leather armour
rPois   .          Reflect  .    Y - +2 hat
rElec   .          Harm     .    D - +1 cloak
rCorr   +          Rampage  .    (gloves unavailable)
Will    .....                    (boots unavailable)
Stlth   +                        l - amulet of the acrobat
HPRegen 2.01/turn                j - ring of resist corrosion
MPRegen 0.13/turn                n - ring of flight

@: on berserk cooldown, flying, slowed, very slow
A: large, unfitting armour, claws 3, regeneration 1, shaggy fur 1, tough skin 1
a: Renounce Religion, Berserk, Trog's Hand, Brothers in Arms


You were on level 2 of the Lair of Beasts.
You worshipped Trog.
Trog was extremely pleased with you.
You visited 3 branches of the dungeon, and saw 14 of its levels.

You collected 1169 gold pieces.
You spent 459 gold pieces at shops.

Inventory:

Missiles
 z - a curare-tipped dart (quivered)
 E - 2 throwing nets
 S - 11 boomerangs
 T - 3 atropa-tipped darts
 V - 6 silver javelins
Armour
 a - a +0 animal skin
 t - a +0 cloak
 D - a +1 cloak (worn)
 M - a +0 kite shield
 X - a +0 troll leather armour (worn)
 Y - a +2 hat (worn)
Jewellery
 j - a ring of resist corrosion (left claw)
 l - an amulet of the acrobat (around neck)
 n - a ring of flight (right claw)
 L - an amulet of magic regeneration
Wands
 p - a wand of mindburst (9)
 r - a wand of roots (22)
 u - a wand of polymorph (5)
 v - a wand of digging (14)
 w - a wand of flame (37)
 N - a wand of charming (10)
 O - a wand of light (2)
Scrolls
 b - 2 scrolls of fear {unknown}
 c - 14 scrolls of identify {unknown}
 d - 4 scrolls of enchant armour {unknown}
 i - a scroll of noise {unknown}
 k - 5 scrolls of vulnerability {unknown}
 m - 3 scrolls of enchant weapon {unknown}
 q - 4 scrolls of teleportation {unknown}
 y - 2 scrolls of torment {unknown}
 A - a scroll of brand weapon {unknown}
 F - a scroll of magic mapping {unknown}
 P - 3 scrolls of fog {unknown}
 Q - 2 scrolls of poison {unknown}
 Z - a scroll of immolation
Potions
 e - 5 potions of berserk rage
 f - 8 potions of curing
 g - a potion of heal wounds
 h - 3 potions of resistance {unknown}
 o - a potion of cancellation
 s - a potion of ambrosia {unknown}
 x - 4 potions of brilliance {unknown}
 B - 2 potions of degeneration
 C - a potion of mutation {unknown}
 G - 2 potions of lignification
 H - a potion of attraction {unknown}
 I - a potion of flight {unknown}
 J - 2 potions of might
 K - a potion of haste {unknown}
 R - a potion of magic {unknown}
 U - a potion of invisibility {unknown}
Miscellaneous
 W - a condenser vane (inert)


   Skills:
 + Level 8.4 Fighting
 * Level 8.9 Throwing
 + Level 8.4 Dodging
 - Level 2.0 Stealth
 * Level 8.4 Shields
 * Level 13.7 Unarmed Combat


You had 12 spell levels left.
You didn't know any spells.
Your spell library was empty.

Dungeon Overview and Level Annotations

Branches:
Dungeon (10/15)            Temple (0/1) D:4            Lair (2/5) D:8
    Orc (2/2) D:10            Elf (0/3) Orc:2
  Swamp: Lair:2-3    Shoals: Lair:2-3     Snake: Lair:2-3    Spider: Lair:2-3

Altars:
Kikubaaqudgha
Makhleb
Qazlal
Ru
Sif Muna
Trog
Xom
Zin
The Shining One

Shops:
Orc:2 !::[


Innate Abilities, Weirdness & Mutations

You are too large for most types of armour.
You have claws for hands.
Your natural rate of healing is unusually fast.
You are covered in fur. (AC +1)
You have tough skin. (AC +1)


Message History

The boulder beetle is moderately wounded.
You mangle the boulder beetle!!
The boulder beetle is heavily wounded.
The boulder beetle bites you.
* * * LOW HITPOINT WARNING * * *
You mangle the boulder beetle!!
The boulder beetle is almost dead.
You mangle the boulder beetle!!
You feel the power of Trog in you as your rage grows.
You kill the boulder beetle!
Trog accepts your kill.
You mangle the komodo dragon!!
The komodo dragon is severely wounded.
You eviscerate the komodo dragon!!!
You kill the komodo dragon!
Trog accepts your kill.
You mangle the boulder beetle!!
The boulder beetle is moderately wounded.
You claw the boulder beetle!
The boulder beetle is moderately wounded.
The boulder beetle leaps!
You feel a strong urge to attack something.
You are no longer berserk.
You are exhausted.
You feel yourself slow down. The boulder beetle bites you!
* * * LOW HITPOINT WARNING * * *
You scratch the boulder beetle.
The boulder beetle is moderately wounded.
The boulder beetle bites you!
* * * LOW HITPOINT WARNING * * *
Throw: 2 darts (curare)
Press: ? - help, Q - select action, (/) - cycle Shift-Dir - straight line, f - boulder beetle
Aim: a boulder beetle (moderately wounded, 90% to hit)
You throw a curare-tipped dart.
The curare-tipped dart hits the boulder beetle.
The boulder beetle is poisoned.
The boulder beetle convulses.
The boulder beetle seems to slow down.
The boulder beetle is moderately wounded.
The boulder beetle bites you!!
You die...

♣♣ ♣.♣
#♣...♣#
.♣ ♣.♣
♣♣.♣♣ .#
#.# #.#
.♣♣ ♣.♣♣
♣.♣ ♣.♣
♣♣..♣♣
♣.♣ .♣♣
♣.^..♣♣
♣♣†♣♣ ♣♣♣
♣..♣♣..♣♣
♣...♣ ..♣
♣..♣
♣♣.B♣♣
♣.†.♣
##.# ♣..♣
♣♣@.♣
♣...♣ †#
# ♣..♣
♣..♣
##♣...♣#
.# ..♣
♣†♣♣
#>.....#
.# # ..
#°♣♣
##♣...♣#
##.# ..♣
♣...♣ ..♣
#.♣ ♣...♣
♣♣♣ ♣♣
♣...♣ .♣♣
♣♣.♣♣ ♣.♣
♣.♣


You could see a boulder beetle (very poisoned, slow).

Vanquished Creatures
  2 hydras (Lair:2)
  A catoblepas (Lair:2)
  A boulder beetle (Lair:2)
  2 two-headed ogres
  The ghost of Thecursedkatanna the Blocker, a novice MiFi of Okawaru (D:10)
  A death yak (Lair:2)
  6 orc high priests (Orc:2)
  Urug (D:10)
  A deep elf pyromancer (Orc:2)
  A deep elf zephyrmancer (Orc:2)
  An orc knight (Orc:1)
  3 orc sorcerers
  The ghost of Tocho the Spear-Bearer, a novice MfGl of Okawaru (D:6)
  5 elephants (Lair:1)
  5 black mambas
  A gargoyle (D:10)
  Joseph (D:7)
  Maggie (D:9)
  3 cane toads
  3 komodo dragons (Lair:2)
  2 rime drakes
  8 trolls
  A polar bear (Lair:2)
  Prince Ribbit (D:5)
  2 hornets
  5 blink frogs (Lair:2)
  Grinder (D:4)
  A slime creature (D:7)
  Sigmund (D:3)
  A wraith (D:10)
  7 wyverns
  A shadow (D:10)
  2 vampires (D:7)
  10 yaks
  A basilisk (Lair:2)
  A steam dragon (D:8)
  Menkaure (D:4)
  8 wargs (Orc:2)
  8 water moccasins
  A swamp drake (Orc:2)
  A sky beast (D:7)
  15 orc warriors
  An ice beast (D:6)
  2 black bears
  9 ogres
  A phantom (D:5)
  2 centaurs
  4 kobold brigands
  6 gnoll sergeants
  3 scorpions
  7 bullfrogs
  A necrophage (D:8)
  5 wights (D:8)
  11 killer bees
  4 howler monkeys
  A crimson imp (Orc:2)
  5 hounds (D:5)
  3 jellies
  30 orc priests
  Crazy Yiuf (D:3)
  A gnoll bouda (D:7)
  An iron imp (Orc:2)
  5 iguanas
  Ijyb (D:3)
  Terence (D:3)
  Natasha (thrice) (D:3)
  12 orc wizards
  7 adders
  22 gnolls
  3 shadow imps
  5 white imps
  An ufetubus (D:7)
  5 worms
  4 dart slugs
  70 orcs
  10 bats
  6 endoplasms
  A giant cockroach (D:1)
  10 goblins
  5 hobgoblins
  2 quokkas
  10 ball pythons
  4 frilled lizards
  14 kobolds
  5 rats
424 creatures vanquished.

Vanquished Creatures (collateral kills)
  An orc priest (Orc:2)
  2 orcs (Orc:2)
3 creatures vanquished.

Vanquished Creatures (others)
  An acid dragon (D:6)
  An orc wizard (Orc:2)
  2 orcs
  7 plants (Lair:2)
11 creatures vanquished.

Grand Total: 438 creatures vanquished

Notes
Turn   | Place    | Note
-------+----------+-------------------------------------------
     0 | D:1      | browni3141 the Troll Berserker began the quest for the Orb.
     0 | D:1      | Reached XP level 1. HP: 22/22 MP: 0/0
   197 | D:1      | Reached skill level 1 in Stealth
   197 | D:1      | Reached XP level 2. HP: 29/29 MP: 1/1
   575 | D:1      | Reached XP level 3. HP: 22/36 MP: 2/2
   985 | D:2      | Reached ** piety under Trog
  1299 | D:2      | Found a stormy altar of Qazlal.
  1484 | D:2      | Reached XP level 4. HP: 26/44 MP: 3/3
  1654 | D:3      | Noticed Sigmund
  1668 | D:3      | Killed Sigmund
  1669 | D:3      | Reached skill level 4 in Unarmed Combat
  1669 | D:3      | Reached XP level 5. HP: 53/53 MP: 4/4
  1750 | D:3      | Noticed Ijyb
  1761 | D:3      | Killed Ijyb
  1762 | D:3      | Reached XP level 6. HP: 61/61 MP: 5/5
  2138 | D:3      | Found a sacrificial altar of Ru.
  2179 | D:3      | Noticed Terence
  2185 | D:3      | Killed Terence
  2336 | D:3      | Found a runed translucent door.
  2337 | D:3      | Noticed Crazy Yiuf
  2415 | D:3      | Noticed Natasha
  2462 | D:3      | Killed Natasha
  2463 | D:3      | Reached skill level 5 in Unarmed Combat
  2676 | D:3      | Noticed Natasha
  2682 | D:3      | Killed Natasha
  2730 | D:3      | Killed Crazy Yiuf
  2844 | D:3      | Noticed Natasha
  2855 | D:3      | Killed Natasha
  3011 | D:3      | Found a sacrificial altar of Ru.
  3693 | D:4      | Noticed Menkaure
  3702 | D:4      | Killed Menkaure
  3703 | D:4      | Reached XP level 7. HP: 32/68 MP: 6/6
  3971 | D:4      | Noticed Grinder
  3985 | D:4      | Killed Grinder
  3986 | D:4      | Reached skill level 6 in Unarmed Combat
  4066 | D:4      | Found a burning altar of Makhleb.
  4071 | D:4      | Found a glowing silver altar of Zin.
  4072 | D:4      | Noticed an angel
  4072 | D:4      | Noticed a green death
  4276 | D:4      | Found a staircase to the Ecumenical Temple.
  4294 | D:5      | Entered Level 5 of the Dungeon
  4463 | D:5      | Noticed a wyvern
  4469 | D:5      | Killed a wyvern
  4470 | D:5      | Reached skill level 7 in Unarmed Combat
  4470 | D:5      | Reached XP level 8. HP: 79/79 MP: 7/7
  4770 | D:5      | Reached *** piety under Trog
  4807 | D:5      | Noticed Prince Ribbit
  4821 | D:5      | Killed Prince Ribbit
  4822 | D:5      | Reached skill level 5 in Dodging
  4822 | D:5      | Reached skill level 8 in Unarmed Combat
  4862 | D:5      | Reached skill level 5 in Fighting
  5411 | D:6      | Found a runed translucent door.
  5413 | D:6      | Noticed Tocho's ghost (novice MfGl)
  5525 | D:6      | Reached XP level 9. HP: 88/88 MP: 8/8
  5796 | D:6      | Reached skill level 9 in Unarmed Combat
  6284 | D:6      | Identified the +7 dagger of Bankruptcy {elec, *Slow rF+
                  | Will++ Int+3}
  6518 | D:7      | Paralysed by a hornet for 2 turns
  6581 | D:7      | Identified the +6 hand axe of Massacring {spect, +Blink
                  | rElec}
  6586 | D:7      | Found a stormy altar of Qazlal.
  6656 | D:7      | Noticed Joseph
  6663 | D:7      | Killed Joseph
  6664 | D:7      | Reached skill level 10 in Unarmed Combat
  6927 | D:7      | Reached skill level 1 in Throwing
  7212 | D:7      | Reached XP level 10. HP: 98/98 MP: 9/9
  7879 | D:8      | Found a staircase to the Lair.
  7953 | D:8      | Reached skill level 1 in Shields
  8109 | D:8      | Reached **** piety under Trog
  8787 | D:9      | Noticed a two-headed ogre
  8795 | D:9      | Killed a two-headed ogre
  8863 | D:9      | Reached skill level 11 in Unarmed Combat
  8898 | D:9      | Noticed Maggie
  8911 | D:9      | Killed Maggie
  8968 | D:9      | Found a bloodstained altar of Trog.
  9115 | D:9      | Found a glowing golden altar of the Shining One.
  9253 | D:9      | Found an ancient bone altar of Kikubaaqudgha.
  9784 | D:10     | Entered Level 10 of the Dungeon
  9836 | D:10     | Found a runed translucent gate.
  9837 | D:10     | Found a runed translucent gate.
  9838 | D:10     | Found a runed translucent gate.
  9839 | D:10     | Noticed Thecursedkatanna's ghost (novice MiFi)
 10066 | D:10     | Reached XP level 11. HP: 107/107 MP: 10/10
 10125 | D:10     | Noticed a two-headed ogre
 10311 | D:10     | Found a shimmering altar of Xom.
 10312 | D:10     | Found a shimmering blue altar of Sif Muna.
 10370 | D:10     | Reached skill level 5 in Throwing
 10400 | D:10     | Noticed Urug
 10406 | D:10     | Killed Urug
 10670 | D:10     | Found a staircase to the Orcish Mines.
 10907 | D:10     | Killed a two-headed ogre
 11072 | D:10     | Killed Thecursedkatanna's ghost
 11281 | D:10     | Found a shimmering blue altar of Sif Muna.
 11282 | D:10     | Found a shimmering altar of Xom.
 11761 | D:10     | Found a staircase to the Orcish Mines.
 11888 | Orc:1    | Entered Level 1 of the Orcish Mines
 11892 | Orc:1    | Reached skill level 5 in Shields
 11987 | Orc:2    | Entered Level 2 of the Orcish Mines
 11987 | Orc:2    | Noticed an orc sorcerer
 11993 | Orc:2    | Killed an orc sorcerer
 11994 | Orc:2    | Reached skill level 12 in Unarmed Combat
 12184 | Orc:1    | Noticed an orc sorcerer
 12196 | Orc:1    | Killed an orc sorcerer
 12201 | Orc:1    | Noticed an orc knight
 12234 | Orc:1    | Killed an orc knight
 12390 | Orc:2    | Found a staircase to the Elven Halls.
 12555 | Orc:2    | Noticed an orc high priest
 12561 | Orc:2    | Noticed a soul eater
 12564 | Orc:2    | Killed an orc high priest
 12565 | Orc:2    | Reached XP level 12. HP: 73/118 MP: 11/11
 12568 | Orc:2    | Noticed an orc high priest
 12572 | Orc:2    | Noticed an orc high priest
 12600 | Orc:2    | Killed an orc high priest
 12653 | Orc:2    | Noticed an orc high priest
 12664 | Orc:2    | Killed an orc high priest
 12670 | Orc:2    | Killed an orc high priest
 12674 | Orc:2    | Found Oschi Ine's Distillery.
 12674 | Orc:2    | Found Qisham's Book Shoppe.
 12706 | Orc:2    | Noticed an orc high priest
 12723 | Orc:2    | Killed an orc high priest
 12751 | Orc:2    | Reached ***** piety under Trog
 12760 | Orc:2    | Noticed an orc high priest
 12777 | Orc:2    | Killed an orc high priest
 12865 | Orc:2    | Found Ketsioze's Book Shop.
 12865 | Orc:2    | Found Waxawe Oxof's Antique Armour Shoppe.
 13475 | Orc:2    | Bought a potion of curing for 51 gold pieces
 13475 | Orc:2    | Bought a potion of might for 68 gold pieces
 13475 | Orc:2    | Bought a potion of curing for 51 gold pieces
 13475 | Orc:2    | Bought a potion of lignification for 51 gold pieces
 13475 | Orc:2    | Bought a potion of berserk rage for 85 gold pieces
 13475 | Orc:2    | Bought a potion of cancellation for 136 gold pieces
 13475 | Orc:2    | Bought a potion of degeneration for 17 gold pieces
 13636 | D:6      | Killed Tocho's ghost
 13637 | D:6      | Reached skill level 13 in Unarmed Combat
 13708 | Lair:1   | Entered Level 1 of the Lair of Beasts
 13904 | Lair:1   | Identified the +5 war axe "Wonuskeu" {flame, rPois rC-
                  | Int+4 Dex+3}
 14688 | Lair:2   | Received a gift from Trog
 14701 | Lair:2   | Noticed a death yak
 14709 | Lair:2   | Killed a death yak
 14710 | Lair:2   | Reached XP level 13. HP: 127/127 MP: 12/12
 15003 | Lair:2   | Slain by a boulder beetle

Illustrated notes

Levels and vault maps discovered:
D:1:      roderic_octagonal_star, layout_basic
D:2:      layout_loops_ring, basic_altar
D:3:      layout_loops_cross, nicolae_ru_the_path_less_chosen,
          kennysheep_generic_room_3, uniq_crazy_yiuf_cottage, uniq_terence,
          uniq_sigmund, uniq_ijyb, uniq_natasha
D:4:      layout_loops_corners, grunt_temple_overflow_order_and_chaos_2,
          minmay_temple_entry_butterflies, uniq_grinder, uniq_menkaure
D:5:      layout_layer_cave, uniq_prince_ribbit1
D:6:      layout_basic, ebering_ghost_inner_flame, minmay_misc_feat_alley,
          nicolae_titane
D:7:      layout_basic, lemuel_doored_altar, serial_glass, glass_columns_c,
          glass_columns_a, minmay_strange_pillars, feat_on_display,
          due_unseen_surprise, kb_rosetta, uniq_joseph
D:8:      layout_layer_cave, lair_entry_dummy, minmay_puff
D:9:      layout_irregular_city, mainiacjoe_overflow_24_doors,
          nicolae_overflow_crystal_walls, mainiacjoe_overflow_tiny_flanked,
          nicolae_concentric_dashed_squares_mild, uniq_maggie
D:10:     layout_long_grid, nicolae_overflow_two_pavilions,
          kennysheep_orc_monster_closet_entryway, ebering_ghost_rock_garden,
          uniq_urug
Lair:1:   layout_loops_ring, infiniplex_staircase_pool_2
Lair:2:   nzn_winding_woodlands_huge [nzn_winding_woodlands_5x15_sawtooth,
          nzn_winding_woodlands_5x15_cabin, nzn_winding_woodlands_5x15_crooked,
          nzn_winding_woodlands_5x15_eye, nzn_winding_woodlands_5x15_concentric,
          nzn_winding_woodlands_5x15_default,
          nzn_winding_woodlands_5x15_pockets,
          nzn_winding_woodlands_5x15_default, nzn_winding_woodlands_5x15_parted,
          nzn_winding_woodlands_5x15_lazy_stream,
          nzn_winding_woodlands_center_garden,
          nzn_winding_woodlands_center_lodge,
          nzn_winding_woodlands_15x15_thick_spiral], layout_gridlike,
          portal_ice_cave_demonic_guard
Orc:1:    layout_caves
Orc:2:    st_orc_town, layout_diamond_mine, basic_altar, hangedman_minor_magic

Skill      XL: |  1  2  3  4  5  6  7  8  9 10 11 12 13 |
---------------+----------------------------------------+-----
Stealth        | 1 2 |  2.0
Fighting       | 3 4 5 6 7 8 |  8.4
Dodging        | 3 4 5 6 7 8 |  8.4
Unarmed Combat | 4 5 7 8 10 11 12 13 | 13.7
Throwing       | 1 4 6 8 |  8.9
Shields        | 3 5 7 8 |  8.4

Action                     |  1- 3 |  4- 6 |  7- 9 | 10-12 | 13-15 || total
---------------------------+-------+-------+-------+-------+-------++-------
  Melee: Unarmed           |   102 |   116 |   245 |   628 |   128 ||  1219
         Punch             |       |     2 |     3 |    32 |     8 ||    45
  Throw: Dart              |       |       |     3 |     4 |     1 ||     8
 Invoke: Berserk           |     1 |     9 |    10 |    19 |     2 ||    41
         Trog's Hand       |       |     1 |     2 |     5 |     1 ||     9
         Brothers in Arms  |       |       |       |     1 |       ||     1
  Evoke: Wand              |       |       |       |    12 |     2 ||    14
         Condenser vane    |       |       |       |     1 |     1 ||     2
    Use: Potion            |       |       |       |     2 |     4 ||     6
   Stab: Sleeping          |     1 |     1 |     2 |     1 |       ||     5
         Distracted        |       |       |     1 |       |       ||     1
         Petrified         |       |       |       |       |     4 ||     4
         Invisible         |       |       |       |       |     1 ||     1
 Armour: Animal skin       |    38 |    13 |    61 |    55 |       ||   167
         Troll leather arm |       |       |       |    93 |    27 ||   120
  Dodge: Dodged            |    66 |    54 |   143 |   354 |    74 ||   691

Table legend: (Time is in decaauts)
 A = Elapsed time spent in this place.
 B = Non-inter-level travel time spent in this place.
 C = Inter-level travel time spent in this place.
 D = Time resting spent in this place.
 E = Time spent auto-exploring this place.
 F = Levels seen in this place.
 G = Mean time per level.
                   A        B        C        D        E       F      G
               +--------+--------+--------+--------+--------+-----+--------+
         Total |  15153 |  14162 |    991 |    896 |  10387 |  14 | 1082.4 |
       Dungeon |  12278 |  11434 |    844 |    825 |   8904 |  10 | 1227.8 |
          Lair |   1262 |   1194 |     68 |     14 |    567 |   2 |  631.0 |
  Orcish Mines |   1612 |   1534 |     78 |     56 |    915 |   2 |  806.0 |
               +--------+--------+--------+--------+--------+-----+--------+

Top non-repeatable levels by time:
    D:10: 2032 daAuts
     D:3: 1818 daAuts
     D:8: 1299 daAuts
     D:7: 1253 daAuts
   Orc:2: 1190 daAuts
     D:6: 1166 daAuts
     D:5: 1128 daAuts
     D:9: 1030 daAuts
     D:1: 963 daAuts
     D:4: 890 daAuts
  Lair:1: 697 daAuts
     D:2: 694 daAuts
  Lair:2: 565 daAuts
   Orc:1: 422 daAuts
